[ AOE2 MATCH · #495840824 ]
UnrankedBerbers vs Koreans
Player's team · LOSS
Rival team · WIN
[ REPLAY ANALYSIS · EXTRACTED FROM THE RECORDED GAME ]
Feudal
8:50
Castle
20:42
Imperial
35:33
| APM avg | 106.7 |
| APM peak | 192 |
| eAPM avg | 64.2 |
| Villagers / military | 282 / 106 |
Focus
⚔️ 67.0% · 🌾 33.0%
Camel Archer ×53 · Knight ×25 · Skirmisher ×6 · Monk ×5 · Genitour ×4 · Scout Cavalry ×4
Feudal
10:55
Castle
20:48
Imperial
36:34
| APM avg | 58.9 |
| APM peak | 90 |
| eAPM avg | 35.0 |
| Villagers / military | 154 / 145 |
Focus
⚔️ 42.0% · 🌾 58.0%
Fire Lancer ×99 · Skirmisher ×16 · Monk ×7 · Militia ×5 · Battering Ram ×5 · Bombard Cannon ×4
Match map
Initial resources + every placement click. Lines = walls · curves = elevation contours. ◆ gold · ⬟ stone · ● berries · ✦ relic · ◌ wall gap
Your base· Open — 8t gap
F1Re's base· Open — unwalled flank
Smoothed initial terrain · ◌ = detected wall gap · hover for details
Inputs per minute
— alphaa - - F1Re
Build order — alphaa
First 150 of 570 actions detected
| 0:00 | Queue | Villager (Male) |
| 0:00 | Queue | Villager (Male) |
| 0:01 | Build | House |
| 0:02 | Build | House |
| 0:06 | Queue | Villager (Male) |
| 0:11 | Queue | Villager (Male) |
| 1:26 | Queue | Villager (Male) |
| 1:57 | Queue | Villager (Male) |
| 2:08 | Queue | Villager (Male) |
| 2:18 | Build | Mill |
| 2:39 | Queue | Villager (Male) |
| 2:53 | Queue | Villager (Male) |
| 3:20 | Queue | Villager (Male) |
| 3:49 | Build | House |
| 3:56 | Queue | Villager (Male) |
| 3:57 | Queue | Villager (Male) |
| 4:17 | Queue | Villager (Male) |
| 4:21 | Queue | Villager (Male) |
| 4:48 | Queue | Villager (Male) |
| 5:12 | Research | Loom |
| 5:19 | Queue | Villager (Male) |
| 5:24 | Queue | Villager (Male) |
| 5:33 | Queue | Villager (Male) |
| 5:35 | Build | Lumber Camp |
| 6:35 | Research | Feudal Age |
| 6:35 | Research | Feudal Age |
| 7:31 | Build | Barracks |
| 8:32 | Queue | Villager (Male) |
| 8:50 | Age | Feudal Age |
| 8:52 | Build | Stable |
| 8:53 | Queue | Spearman |
| 8:55 | Queue | Villager (Male) |
| 9:04 | Build | House |
| 9:04 | Queue | Villager (Male) |
| 9:30 | Queue | Villager (Male) |
| 9:34 | Queue | Scout Cavalry |
| 9:36 | Queue | Villager (Male) |
| 9:39 | Queue | Villager (Male) |
| 9:42 | Queue | Villager (Male) |
| 9:46 | Build | Mill |
| 9:56 | Queue | Scout Cavalry |
| 9:58 | Build | House |
| 10:08 | Research | Double-Bit Axe |
| 10:08 | Research | Double-Bit Axe |
| 10:15 | Queue | Villager (Male) |
| 10:24 | Build | Farm |
| 10:54 | Build | Farm |
| 10:54 | Queue | Villager (Male) |
| 11:04 | Queue | Villager (Male) |
| 11:09 | Queue | Villager (Male) |
| 11:13 | Build | House |
| 11:15 | Queue | Villager (Male) |
| 11:18 | Queue | Villager (Male) |
| 11:24 | Build | Farm |
| 11:33 | Queue | Villager (Male) |
| 11:36 | Build | Palisade Wall |
| 11:37 | Build | Palisade Wall |
| 11:39 | Queue | Villager (Male) |
| 11:41 | Queue | Villager (Male) |
| 11:45 | Build | Farm |
| 11:51 | Build | House |
| 12:02 | Queue | Villager (Male) |
| 12:14 | Queue | Villager (Male) |
| 12:18 | Queue | Villager (Male) |
| 12:20 | Build | Archery Range |
| 12:25 | Queue | Villager (Male) |
| 12:31 | Queue | Villager (Male) |
| 12:36 | Queue | Villager (Male) |
| 12:39 | Build | Farm |
| 12:45 | Queue | Villager (Male) |
| 12:46 | Build | Farm |
| 12:52 | Queue | Villager (Male) |
| 12:56 | Queue | Villager (Male) |
| 12:56 | Queue | Villager (Male) |
| 12:58 | Build | Palisade Wall |
| 13:01 | Build | House |
| 13:03 | Queue | Villager (Male) |
| 13:07 | Queue | Skirmisher |
| 13:08 | Queue | Skirmisher |
| 13:09 | Queue | Villager (Male) |
| 13:09 | Queue | Villager (Male) |
| 13:26 | Build | Palisade Wall |
| 13:30 | Queue | Villager (Male) |
| 13:32 | Build | House |
| 13:35 | Queue | Villager (Male) |
| 13:39 | Queue | Villager (Male) |
| 13:40 | Queue | Villager (Male) |
| 13:43 | Build | Farm |
| 13:44 | Queue | Villager (Male) |
| 13:48 | Build | House |
| 13:51 | Queue | Skirmisher |
| 13:52 | Queue | Villager (Male) |
| 13:52 | Queue | Villager (Male) |
| 13:57 | Queue | Villager (Male) |
| 14:01 | Queue | Villager (Male) |
| 14:04 | Queue | Villager (Male) |
| 14:07 | Queue | Villager (Male) |
| 14:10 | Build | Farm |
| 14:13 | Build | Palisade Wall |
| 14:23 | Queue | Villager (Male) |
| 14:28 | Queue | Villager (Male) |
| 14:30 | Queue | Skirmisher |
| 14:35 | Queue | Villager (Male) |
| 14:49 | Queue | Skirmisher |
| 14:52 | Queue | Villager (Male) |
| 15:21 | Queue | Skirmisher |
| 15:23 | Queue | Villager (Male) |
| 15:25 | Build | Mining Camp |
| 15:37 | Queue | Villager (Male) |
| 15:40 | Build | Farm |
| 15:41 | Build | Farm |
| 15:44 | Build | Farm |
| 15:47 | Queue | Villager (Male) |
| 15:47 | Queue | Villager (Male) |
| 15:55 | Queue | Villager (Male) |
| 15:58 | Build | Farm |
| 16:02 | Queue | Villager (Male) |
| 16:08 | Queue | Villager (Male) |
| 16:12 | Queue | Villager (Male) |
| 16:14 | Build | House |
| 16:16 | Queue | Villager (Male) |
| 16:19 | Build | Farm |
| 16:19 | Build | Farm |
| 16:20 | Queue | Villager (Male) |
| 16:20 | Queue | Villager (Male) |
| 16:27 | Queue | Villager (Male) |
| 16:44 | Queue | Villager (Male) |
| 16:46 | Build | Farm |
| 16:52 | Queue | Villager (Male) |
| 16:56 | Build | Lumber Camp |
| 17:08 | Queue | Villager (Male) |
| 17:09 | Queue | Villager (Male) |
| 17:11 | Queue | Villager (Male) |
| 17:46 | Build | House |
| 17:49 | Research | Gold Mining |
| 17:50 | Research | Gold Mining |
| 18:02 | Research | Castle Age |
| 18:02 | Research | Castle Age |
| 18:08 | Queue | Villager (Male) |
| 18:14 | Build | Blacksmith |
| 18:20 | Queue | Spearman |
| 18:33 | Queue | Villager (Male) |
| 18:41 | Queue | Villager (Male) |
| 18:49 | Research | Bloodlines |
| 18:54 | Research | Horse Collar |
| 18:54 | Research | Horse Collar |
| 19:02 | Queue | Villager (Male) |
| 19:13 | Build | House |
| 19:16 | Queue | Villager (Male) |
| 19:34 | Queue | Scout Cavalry |
Build order — F1Re
First 150 of 556 actions detected
| 0:00 | Queue | Villager (Male) |
| 0:01 | Build | House |
| 0:02 | Build | House |
| 0:06 | Queue | Villager (Male) |
| 0:07 | Queue | Villager (Male) |
| 0:09 | Queue | Villager (Male) |
| 1:24 | Queue | Villager (Male) |
| 1:25 | Queue | Villager (Male) |
| 2:02 | Queue | Villager (Male) |
| 2:15 | Queue | Villager (Male) |
| 2:54 | Queue | Villager (Male) |
| 2:54 | Queue | Villager (Male) |
| 3:07 | Build | Barracks |
| 3:15 | Build | House |
| 3:17 | Queue | Villager (Male) |
| 3:17 | Queue | Villager (Male) |
| 3:32 | Queue | Villager (Male) |
| 4:05 | Queue | Villager (Male) |
| 4:12 | Queue | Militia |
| 4:20 | Build | Palisade Wall |
| 4:27 | Queue | Villager (Male) |
| 4:34 | Build | House |
| 4:37 | Queue | Villager (Male) |
| 4:48 | Queue | Militia |
| 5:01 | Build | House |
| 5:05 | Queue | Militia |
| 5:17 | Queue | Villager (Male) |
| 5:32 | Queue | Villager (Male) |
| 5:42 | Queue | Villager (Male) |
| 6:18 | Queue | Villager (Male) |
| 6:43 | Queue | Villager (Male) |
| 7:05 | Queue | Villager (Male) |
| 7:11 | Build | Lumber Camp |
| 7:26 | Research | Loom |
| 8:16 | Queue | Villager (Male) |
| 8:36 | Research | Feudal Age |
| 8:36 | Research | Feudal Age |
| 8:54 | Build | Mill |
| 9:19 | Build | Farm |
| 9:20 | Build | Farm |
| 10:11 | Build | House |
| 10:22 | Build | Farm |
| 10:35 | Queue | Militia |
| 10:47 | Queue | Militia |
| 10:55 | Age | Feudal Age |
| 10:57 | Queue | Villager (Male) |
| 10:58 | Research | Double-Bit Axe |
| 10:58 | Queue | Spearman |
| 11:05 | Build | Archery Range |
| 11:08 | Build | House |
| 11:11 | Build | Palisade Wall |
| 11:12 | Build | Palisade Wall |
| 11:13 | Build | Palisade Wall |
| 11:18 | Queue | Villager (Male) |
| 11:20 | Build | Palisade Wall |
| 11:22 | Build | Farm |
| 11:23 | Queue | Villager (Male) |
| 11:26 | Build | House |
| 11:28 | Queue | Spearman |
| 11:49 | Queue | Archer |
| 11:52 | Build | Farm |
| 11:53 | Queue | Villager (Male) |
| 12:13 | Queue | Villager (Male) |
| 12:15 | Build | House |
| 12:19 | Build | Farm |
| 12:23 | Queue | Villager (Male) |
| 12:26 | Build | House |
| 12:28 | Build | Palisade Wall |
| 12:34 | Queue | Villager (Male) |
| 12:40 | Queue | Archer |
| 12:58 | Build | Farm |
| 12:59 | Queue | Villager (Male) |
| 13:10 | Build | Farm |
| 13:12 | Queue | Villager (Male) |
| 13:15 | Queue | Spearman |
| 13:29 | Build | Farm |
| 13:29 | Queue | Villager (Male) |
| 13:32 | Queue | Skirmisher |
| 13:51 | Build | Farm |
| 13:51 | Queue | Villager (Male) |
| 14:07 | Queue | Skirmisher |
| 14:10 | Build | House |
| 14:22 | Queue | Villager (Male) |
| 14:24 | Build | Farm |
| 14:26 | Queue | Skirmisher |
| 15:16 | Queue | Villager (Male) |
| 15:25 | Build | House |
| 15:27 | Queue | Villager (Male) |
| 15:39 | Build | Mining Camp |
| 15:40 | Build | Farm |
| 15:42 | Build | Farm |
| 15:44 | Queue | Skirmisher |
| 15:52 | Build | Farm |
| 16:02 | Build | Farm |
| 16:03 | Build | Farm |
| 16:06 | Queue | Villager (Male) |
| 16:24 | Research | Horse Collar |
| 16:24 | Research | Horse Collar |
| 16:25 | Queue | Villager (Male) |
| 16:47 | Build | Farm |
| 17:16 | Build | Blacksmith |
| 17:20 | Build | House |
| 17:20 | Build | House |
| 17:43 | Queue | Villager (Male) |
| 17:58 | Build | House |
| 17:59 | Build | House |
| 18:02 | Research | Castle Age |
| 18:02 | Research | Castle Age |
| 18:03 | Research | Castle Age |
| 18:04 | Queue | Skirmisher |
| 18:04 | Queue | Skirmisher |
| 18:19 | Build | Lumber Camp |
| 18:31 | Research | Fletching |
| 18:32 | Research | Fletching |
| 18:43 | Build | Farm |
| 18:53 | Research | Gold Mining |
| 18:53 | Research | Gold Mining |
| 18:53 | Research | Gold Mining |
| 19:08 | Queue | Skirmisher |
| 19:13 | Build | House |
| 19:59 | Queue | Skirmisher |
| 20:13 | Build | House |
| 20:15 | Queue | Skirmisher |
| 20:42 | Queue | Villager (Male) |
| 20:48 | Age | Castle Age |
| 20:53 | Research | Bodkin Arrow |
| 20:53 | Research | Elite Skirmisher (upgrade) |
| 20:58 | Queue | Villager (Male) |
| 21:04 | Queue | Fire Lancer |
| 21:04 | Queue | Fire Lancer |
| 21:10 | Build | Town Center |
| 21:12 | Build | Farm |
| 21:17 | Queue | Villager (Male) |
| 21:19 | Research | Bow Saw |
| 21:19 | Research | Bow Saw |
| 21:23 | Queue | Fire Lancer |
| 21:25 | Queue | Skirmisher |
| 21:46 | Queue | Villager (Male) |
| 21:58 | Research | Wheelbarrow |
| 22:08 | Build | Lumber Camp |
| 22:29 | Queue | Villager (Male) |
| 22:34 | Queue | Villager (Male) |
| 22:34 | Queue | Villager (Male) |
| 22:37 | Build | Farm |
| 22:38 | Queue | Fire Lancer |
| 22:39 | Queue | Villager (Male) |
| 22:39 | Queue | Villager (Male) |
| 22:41 | Queue | Villager (Male) |
| 22:41 | Queue | Villager (Male) |
| 22:54 | Queue | Villager (Male) |
Match timeline
| 3:07 | F1Re · first_building Barracks |
| 4:20 | F1Re · wall_segment Palisade Wall x2 |
| 7:31 | alphaa · first_building Barracks |
| 8:50 | alphaa · age_up feudal |
| 8:52 | alphaa · first_building Stable |
| 10:55 | F1Re · age_up feudal |
| 11:05 | F1Re · first_building Archery Range |
| 11:11 | F1Re · wall_segment Palisade Wall x1 |
| 11:12 | F1Re · wall_segment Palisade Wall x1 |
| 11:13 | F1Re · wall_segment Palisade Wall x7 |
| 11:20 | F1Re · wall_segment Palisade Wall x4 |
| 11:36 | alphaa · wall_segment Palisade Wall x1 |
| 11:37 | alphaa · wall_segment Palisade Wall x4 |
| 12:20 | alphaa · first_building Archery Range |
| 12:28 | F1Re · wall_segment Palisade Wall x1 |
| 12:58 | alphaa · wall_segment Palisade Wall x1 |
| 13:26 | alphaa · wall_segment Palisade Wall x7 |
| 14:13 | alphaa · wall_segment Palisade Wall x11 |
| 20:42 | alphaa · age_up castle |
| 20:48 | F1Re · age_up castle |
| 21:22 | alphaa · wall_segment Palisade Wall x1 |
| 23:07 | alphaa · first_building Monastery |
| 23:23 | F1Re · first_building Monastery |
| 32:11 | alphaa · first_building Castle |
| 33:22 | F1Re · first_market_sell 100 wood |
| 34:19 | F1Re · first_market_buy 100 stone |
| 34:29 | F1Re · first_building Castle |
| 34:42 | alphaa · first_market_buy 100 stone |
| 35:33 | alphaa · age_up imperial |
| 36:34 | F1Re · age_up imperial |
| 37:09 | F1Re · first_building Siege Workshop |
| 40:06 | alphaa · first_building Siege Workshop |
| 42:22 | alphaa · resign |
[ AI ANALYSIS · 1 CREDIT ]
What really happened in this match?
Wolo.gg analyzes every decision: build order, eco, micro, common mistakes by bracket. Personalized analysis on WhatsApp or Discord in 30 seconds.
Civ guide
Berbers
Perfil
Jugador #1215099